Map: [ESL] Cosmic Sapphire

Players

Serral - Winner!

  • Race: Zerg Zerg
  • Spawn Location: 5:00

ShoWTimE

  • Race: Protoss Protoss
  • Spawn Location: 11:00

Event: HomeStory Cup XXI

VOD

Have the link to the VOD?

Description

Time

  • Played on: July 23, 2022, 7 p.m.
  • Length: 9:11

All games in this series

Show
View Real Time Build Order
Export as new Build Order

Serral Zerg - Winner!

Build Orders: Hatch First 

Get SALT Encoding   

  12  0:00  Drone  
  13  0:11  Overlord  
  13  0:17  Drone  
  14  0:30  Drone  
  14  0:31  Drone  
  16  0:47  Hatchery  
  15  0:50  Drone  
  15  0:54  Drone  
  17  0:57  Drone  
  18  1:08  Extractor  
  17  1:12  Spawning Pool  
  17  1:15  Drone  
  17  1:18  Drone  
  18  1:27  Drone  
  19  1:37  Drone  
  20  1:48  Drone  
  21  1:59  Overlord, Queen x2  
  21  2:00  Zergling x2  
  26  2:10  Drone x2  
  26  2:11  Metabolic Boost  
  28  2:21  Drone x2  
  30  2:32  Hatchery  
  29  2:38  Queen  
  29  2:42  Overlord  
  31  2:44  Zergling x2  
  31  2:46  Drone  
  34  2:51  Drone  
  34  2:56  Zergling x2  
  35  3:05  Zergling x2  
  36  3:07  Overlord  
  37  3:12  Zergling x2  
  37  3:14  Queen, Drone x4  
  37  3:19  Drone  
  44  3:26  Queen  
  45  3:27  Drone x2  
  45  3:28  Drone  
  45  3:33  Drone x2  
  50  3:37  Spore Crawler  
  49  3:44  Drone x4  
  49  3:48  Spore Crawler  
  52  3:50  Overlord  
  52  3:54  Queen  
  54  3:55  Drone  
  54  3:56  Drone  
  54  3:57  Drone  
  54  3:59  Drone  
  58  4:07  Queen, Overlord  
  60  4:12  Overlord  
  60  4:13  Drone  
  61  4:19  Drone x2  
  61  4:20  Evolution Chamber  
  61  4:23  Queen  
  64  4:25  Drone  
  64  4:28  Overlord  
  64  4:29  Zergling x2  
  64  4:30  Drone  
  67  4:32  Drone  
  67  4:35  Drone x2  
  67  4:38  Drone x2  
  72  4:40  Zergling x2  
  72  4:41  Zergling x2  
  72  4:44  Spore Crawler  
  73  4:46  Zerg Melee Weapons Level 1  
  73  4:49  Extractor  
  73  4:50  Baneling Nest  
  73  4:51  Drone x2  
  73  4:55  Drone x3  
  73  4:56  Drone  
  73  4:58  Zergling x2  
  73  4:59  Drone  
  78  5:00  Drone  
  78  5:08  Drone  
  78  5:14  Extractor, Hatchery  
  78  5:15  Drone x4  
  78  5:16  Drone  
  78  5:17  Extractor  
  78  5:19  Lair  
  81  5:23  Overlord x2  
  81  5:25  Drone  
  82  5:30  Overlord  
  81  5:36  Overlord  
  81  5:41  Overlord  
  81  5:43  Drone  
  81  5:44  Drone x3  
  81  5:46  Zergling x14  
  92  5:50  Extractor  
  92  5:52  Extractor, Drone  
  91  5:57  Drone x4  
  91  6:02  Drone x2  
  96  6:10  Zergling x4  
  98  6:14  Overlord  
  98  6:15  Zergling x6  
  101  6:19  Centrifugal Hooks  
  101  6:20  Hydralisk Den  
  101  6:23  Zergling x14  
  107  6:29  Zergling x6  
  107  6:33  Overlord  
  107  6:35  Zergling x4  
  107  6:39  Zergling x2  
  110  6:41  Baneling x5  
  110  6:44  Zerg Melee Weapons Level 2  
  110  6:46  Overlord  
  110  6:52  Drone x8  
  117  6:57  Muscular Augments  
  117  7:02  Zergling x12  
  117  7:04  Overlord  
  120  7:13  Zergling x10  
  118  7:18  Queen  
  118  7:21  Zergling x6  
  122  7:23  Hydralisk x4  
  122  7:24  Hydralisk x4  
  122  7:28  Overlord  
  122  7:29  Hydralisk x2  
  142  7:31  Baneling x6  
  142  7:38  Hydralisk x4  
  150  7:47  Overlord x4  
  150  7:51  Drone  
  150  7:57  Hydralisk  
  150  7:58  Hydralisk x2, Zergling x2  
  153  7:59  Zergling x10  
  153  8:03  Zergling x8  
  165  8:09  Zergling x6  
  159  8:20  Zergling x20  
  159  8:21  Zergling x6  
  169  8:28  Zergling x6, Hatchery  
  169  8:29  Baneling x7  
  169  8:30  Baneling  
  169  8:32  Zergling x2  
  169  8:33  Baneling x5  
  172  8:38  Zergling x12  
  177  8:48  Zergling x20  
  171  8:53  Zergling x6  
Show
View Real Time Build Order
Export as new Build Order

ShoWTimE Protoss 

Build Orders: 1 Gate Expand, Oracle Opening 

Get SALT Encoding   

  12  0:00  Probe  
  13  0:12  Probe  
  14  0:18  Pylon  
  14  0:24  Probe (Chrono Boost)  
  15  0:29  Assimilator  
  15  0:36  Probe (Chrono Boost)  
  16  0:45  Probe (Chrono Boost)  
  16  0:46  Gateway  
  17  0:50  Probe  
  18  1:03  Probe  
  19  1:15  Probe  
  20  1:22  Nexus  
  20  1:27  Probe  
  21  1:35  Cybernetics Core  
  21  1:41  Assimilator  
  21  1:43  Probe  
  22  1:49  Pylon  
  22  1:55  Probe  
  23  2:07  Probe  
  24  2:09  Adept (Chrono Boost)  
  24  2:13  Stargate  
  26  2:17  Warp Gate  
  26  2:19  Probe  
  27  2:29  Adept (Chrono Boost)  
  27  2:34  Probe (Chrono Boost)  
  27  2:36  Probe (Chrono Boost)  
  31  2:44  Probe (Chrono Boost)  
  33  2:46  Probe (Chrono Boost)  
  33  2:49  Probe (Chrono Boost)  
  34  2:51  Adept  
  34  2:56  Probe  
  37  2:58  Oracle (Chrono Boost)  
  37  3:01  Probe  
  37  3:04  Shield Battery  
  40  3:08  Probe  
  40  3:12  Pylon  
  41  3:14  Probe  
  42  3:20  Probe  
  42  3:21  Adept  
  42  3:26  Probe  
  46  3:27  Oracle (Chrono Boost)  
  46  3:32  Probe  
  50  3:38  Pylon, Probe  
  51  3:44  Probe  
  52  3:50  Probe  
  52  3:52  Nexus  
  53  3:56  Probe  
  53  3:59  Twilight Council  
  54  4:03  Probe  
  54  4:05  Assimilator  
  54  4:06  Stalker  
  54  4:09  Probe  
  58  4:15  Probe  
  59  4:21  Probe  
  59  4:23  Pylon, Assimilator  
  60  4:27  Probe, Gateway  
  61  4:33  Probe  
  61  4:35  Blink (Chrono Boost)  
  61  4:36  Gateway  
  61  4:37  Gateway  
  62  4:42  Probe  
  62  4:45  Probe  
  64  4:54  Probe  
  64  4:57  Probe  
  66  5:04  Probe  
  66  5:06  Stalker  
  66  5:07  Probe  
  70  5:08  Forge  
  70  5:09  Probe  
  70  5:10  Forge  
  71  5:16  Probe  
  71  5:19  Probe (Chrono Boost)  
  73  5:22  Stalker, Pylon  
  73  5:24  Probe (Chrono Boost)  
  73  5:26  Shield Battery  
  73  5:28  Probe (Chrono Boost)  
  77  5:35  Stalker  
  81  5:36  Protoss Ground Weapons Level 1, Protoss Ground Armor Level 1  
  81  5:37  Probe (Chrono Boost)  
  81  5:38  Probe (Chrono Boost)  
  81  5:39  Probe (Chrono Boost)  
  81  5:42  Stalker x2  
  86  5:43  Probe x2 (Chrono Boost)  
  86  5:46  Probe  
  86  5:49  Pylon  
  89  5:54  Probe  
  89  5:55  Probe  
  91  6:01  Stalker  
  93  6:08  Pylon  
  93  6:09  Nexus  
  93  6:10  Pylon  
  93  6:11  Pylon  
  93  6:13  Stalker x2  
  97  6:22  Pylon  
  97  6:33  Shield Battery  
  97  6:38  Gateway  
  97  6:39  Gateway  
  97  6:41  Gateway  
  97  6:45  Gateway  
  97  6:46  Probe x2  
  99  6:47  Photon Cannon  
  99  6:50  Oracle (Chrono Boost)  
  99  6:51  Probe  
  99  6:54  Charge  
  103  6:58  Probe  
  103  6:59  Probe  
  105  7:01  Stalker x4  
  105  7:04  Probe  
  114  7:10  Probe  
  114  7:14  Probe  
  108  7:22  Probe  
  108  7:23  Photon Cannon, Probe x2  
  108  7:27  Sentry, Probe  
  113  7:32  Stalker x4  
  113  7:33  Stalker  
  113  7:35  Probe x2  
  113  7:36  Stalker  
  127  7:40  Probe x2  
  127  7:43  Stalker  
  131  7:44  Photon Cannon  
  131  7:51  Pylon  
  131  7:53  Pylon  
  131  7:57  Zealot x6  
  143  8:01  Pylon  
  143  8:02  Pylon  
  143  8:09  Zealot x2  
  143  8:12  Probe x4  
  151  8:16  Pylon  
  137  8:24  Probe x3  
  126  8:27  Templar Archives, Zealot x2  
  126  8:28  Zealot x4  
  126  8:32  Probe  
  139  8:36  Probe x3  
  142  8:41  Zealot x2  
  142  8:44  Probe  
  142  8:48  Zealot x6  
Tags
 
Add a new tag
Caveats
  • Supply blocks, unpowered buildings, or Contaminate may cause inaccurate times.
  • Supply counts are checked every 10 seconds.